 Dungeon Crawl Stone Soup version 0.23-a0-307-gc3b755d (webtiles) character file.

1628 galech the Chopper (level 8, -13/62 HPs)
             Began as a Demonspawn Fighter on Oct 10, 2018.
             Killed from afar by an ophan (23 damage)
             ... with a bolt of fire
             ... on level 1 of the Abyss.
             The game lasted 00:06:56 (5035 turns).

galech the Chopper (Demonspawn Fighter)             Turns: 5035, Time: 00:06:57

Health: -13/62     AC: 15    Str: 20    XL:     8   Next: 65%
Magic:  8/8        EV:  6    Int: 16    God:
Gold:   369        SH: 10    Dex: 15    Spells: 7/7 levels left

rFire    . . .     SeeInvis .   a - +0 war axe
rCold    . . .     Gourm    .   c - +0 shield
rNeg     . . .     Faith    .   k - +0 chain mail
rPois    +         Spirit   .   F - +1 helmet
rElec    +         Reflect  .   C - +0 cloak {MR+}
rCorr    +         Harm     .   G - +0 pair of gloves (curse)
MR       .....                  (no boots)
Stlth    ..........             (no amulet)
HPRegen  0.20/turn              s - ring of resist corrosion
MPRegen  0.11/turn              x - ring of Jiar {rElec rPois MR- Str+4 Int+6}

@: glowing
A: talons 2, rugged brown scales 1, demonic guardian 1, powered by death 1
a: no special abilities


You were on level 1 of the Abyss.
You were hungry.

You visited 1 branch of the dungeon, and saw 6 of its levels.
You visited the Abyss 1 time.

You collected 369 gold pieces.

Inventory:

Hand Weapons
 a - a +0 war axe (weapon)
 e - a +2 vampiric hand axe
 H - the cursed +1 war axe of Disintegration {vamp, Dex+2, unknown}
   (You found it on level 1 of the Abyss)

   It inflicts no extra harm, but heals its wielder when it wounds a living foe.
   It affects your dexterity (+2).
   It has a curse placed upon it.
Armour
 c - a +0 shield (worn)
 k - a +0 chain mail (worn)
 C - a +0 cloak of magic resistance (worn)
 F - a +1 helmet (worn)
 G - a cursed +0 pair of gloves (worn)
Jewellery
 s - a ring of resist corrosion (left hand)
 x - the ring of Jiar (right hand) {rElec rPois MR- Str+4 Int+6}
   (You found it on level 4 of the Dungeon)

   [ring of poison resistance]

   It affects your strength (+4).
   It affects your intelligence (+6).
   It insulates you from electricity.
   It protects you from poison.
   It affects your resistance to hostile enchantments.
Wands
 z - a wand of random effects (28)
Scrolls
 b - a scroll of blinking {unknown}
 g - 2 scrolls of enchant weapon {unknown}
 j - 2 scrolls of immolation {unknown}
 l - 2 scrolls of enchant armour {unknown}
 m - 3 scrolls of remove curse {unknown}
 q - 2 scrolls of teleportation {unknown}
 u - a scroll of magic mapping {unknown}
 v - a scroll of amnesia {unknown}
 y - 7 scrolls of identify {unknown}
Potions
 d - 2 potions of might
 h - 4 potions of curing {unknown}
 i - a potion of lignification {unknown}
 n - a potion of invisibility {unknown}
 o - 3 potions of berserk rage {unknown}
 p - a potion of flight {unknown}
 r - a potion of heal wounds {unknown}
 t - a potion of magic {unknown}
 w - a potion of brilliance {unknown}
 A - a potion of cancellation {unknown}
 B - a potion of ambrosia {unknown}
 E - a potion of mutation {unknown}
Comestibles
 f - 14 rations


   Skills:
 + Level 4.8 Fighting
 + Level 7.2 Axes
 + Level 4.5 Armour
 + Level 1.6 Dodging
 + Level 1.2 Stealth
 + Level 5.2 Shields


You had 7 spell levels left.
You didn't know any spells.
Your spell library contained the following spells:

 Spells                   Type           Power        Failure   Level  Hunger
 Animate Skeleton         Necr           N/A          100%        1    ##.....
 Apportation              Tloc           #.....       100%        1    ##.....
 Confusing Touch          Hex            #.....       100%        1    ##.....
 Pain                     Necr           #...         100%        1    ##.....
 Summon Small Mammal      Summ           #...         100%        1    ##.....
 Regeneration             Chrm/Necr      #.........   100%        3    ####...
 Vampiric Draining        Necr           #.........   100%        3    ####...
 Animate Dead             Necr           N/A          100%        4    #####..


Dungeon Overview and Level Annotations

Branches:
Dungeon (6/15)
 Temple: D:4-7

Altars:
Makhleb
Sif Muna
Xom


Innate Abilities, Weirdness & Mutations

You have razor-sharp toenails.
You are partially covered in rugged brown scales. (AC +1, +3% HP)
A weak demonic guardian rushes to your aid.
You regenerate a little health from kills.


Message History

The ophan turns its gaze towards you.
The ophan calls forth blessed flames!
Blessed fire suddenly surrounds you!
Unknown command.
Really walk into that cloud of blessed fire? [Y]es or [N]o only, please.
Really walk into that cloud of blessed fire?
Okay, then.
Really walk into that cloud of blessed fire?
You are engulfed in blessed fire.
Ouch! That really hurt!
* * * LOW HITPOINT WARNING * * *
Your iron imp hits the quasit!
The quasit dies!
The ophan harnesses the cleansing power of fire!
The bolt of fire hits you!
* * * LOW HITPOINT WARNING * * *
The ophan harnesses the cleansing power of fire!
The bolt of fire hits you!
You die...

# .#. # #.. ##.##..#
#. #.#.#..## #.#
#..#....# #..#
#.#...# ... #.@...#
# .####.#..#..#
#.....##.## ##..
###.#..G#..>#. .# #.
.........##...... ..
........h#.§§####h##
....#.....#§.§#..#.#
####.....####§.h#..
# .........
#.5##...# #


You could see an ophan.

Vanquished Creatures
  Sigmund (D:3)
  Eustachio (D:5)
  2 small abominations (Abyss:1)
  An orc warrior (D:4)
  2 ogres (D:5)
  A centaur (D:5)
  A bullfrog (D:4)
  A howler monkey (D:4)
  2 crimson imps
  2 jellies (D:5)
  A centaur skeleton (D:4)
  2 orc priests
  Crazy Yiuf (D:5)
  3 hounds
  4 orc wizards
  2 iguanas
  A worker ant (D:6)
  7 adders
  A white imp (Abyss:1)
  An ooze (D:3)
  5 worms
  2 dart slugs (D:2)
  5 leopard geckos
  14 orcs
  2 ball pythons
  8 giant cockroaches
  6 goblins
  6 hobgoblins
  8 jackals
  3 quokkas
  3 bats
  6 frilled lizards
  6 kobolds
  A leopard gecko skeleton (D:6)
  A leopard gecko zombie (D:5)
  A quokka skeleton (D:4)
  6 rats
120 creatures vanquished.

Vanquished Creatures (collateral kills)
  A centaur (D:5)
  A quasit (Abyss:1)
2 creatures vanquished.

Grand Total: 122 creatures vanquished

Notes
Turn   | Place    | Note
-------+----------+-------------------------------------------
     0 | D:1      | galech the Demonspawn Fighter began the quest for the Orb.
     0 | D:1      | Reached XP level 1. HP: 18/18 MP: 1/1
    79 | D:1      | Gained mutation: You regenerate a little health from kills.
                  | [demonic ancestry]
    79 | D:1      | Reached XP level 2. HP: 22/24 MP: 2/2
   156 | D:1      | Reached skill level 2 in Axes
   646 | D:1      | Gained mutation: You have sharp toenails. [demonic
                  | ancestry]
   646 | D:1      | Reached XP level 3. HP: 29/29 MP: 3/3
  1268 | D:2      | Noticed an orc warrior
  1555 | D:3      | Gained mutation: A weak demonic guardian rushes to your
                  | aid. [demonic ancestry]
  1555 | D:3      | Reached XP level 4. HP: 35/35 MP: 4/4
  1654 | D:3      | Reached skill level 3 in Axes
  2200 | D:3      | Noticed Sigmund
  2208 | D:3      | Killed Sigmund
  2208 | D:3      | Reached XP level 5. HP: 29/41 MP: 5/5
  2208 | D:3      | Gained mutation: You have razor-sharp toenails. [demonic
                  | ancestry]
  2208 | D:3      | Reached XP level 6. HP: 34/47 MP: 6/6
  2505 | D:4      | Reached skill level 4 in Axes
  2571 | D:4      | Got a coiled granite ring
  2572 | D:4      | Identified the ring of Jiar {rElec rPois MR- Str+4 Int+6}
                  | (You found it on level 4 of the Dungeon)
  2620 | D:4      | Noticed an orc warrior
  2634 | D:4      | Killed an orc warrior
  2663 | D:4      | Gained mutation: You are partially covered in rugged brown
                  | scales. (AC +1, +3% HP) [demonic ancestry]
  2663 | D:4      | Reached XP level 7. HP: 48/54 MP: 7/7
  2946 | D:4      | Found a burning altar of Makhleb.
  2954 | D:4      | Reached skill level 5 in Axes
  3603 | D:5      | Entered Level 5 of the Dungeon
  3744 | D:5      | Reached skill level 1 in Dodging
  3890 | D:5      | Reached skill level 6 in Axes
  3967 | D:5      | Found a runed door.
  3971 | D:5      | Noticed Crazy Yiuf
  3977 | D:5      | Killed Crazy Yiuf
  3977 | D:5      | Reached XP level 8. HP: 53/61 MP: 8/8
  4200 | D:5      | Found a deep blue altar of Sif Muna.
  4202 | D:5      | Found a shimmering altar of Xom.
  4403 | D:5      | Noticed Eustachio
  4423 | D:5      | Killed Eustachio
  4648 | D:6      | Reached skill level 1 in Stealth
  4811 | D:6      | Reached skill level 7 in Axes
  4826 | D:6      | Cast into level 1 of the Abyss (orc wizard)
  4838 | Abyss:1  | Got an iridescent war axe
  4899 | Abyss:1  | Noticed a large abomination
  4970 | Abyss:1  | Reached skill level 5 in Shields
  4999 | Abyss:1  | Noticed a starcursed mass
  5023 | Abyss:1  | Noticed a raiju
  5025 | Abyss:1  | Noticed an ophan
  5035 | Abyss:1  | Killed from afar by an ophan

Vault maps used:
D:1:      ncdulo_wetmaze, kennysheep_pointless_box, st_stairs_14,
          serial_bayou_pond_d
D:2:      first_ration, hangedman_decor_peaks_small, roderic_roman_lattice,
          lightli_corner_chamber
D:3:      uniq_sigmund
D:4:      makhleb_grotto_becter, guppyfry_early_orc_mine
D:5:      minitemple, uniq_crazy_yiuf_cottage, uniq_eustachio
D:6:      kennysheep_orc_sif_temple, minmay_temple_entry_trees

Skill      XL: |  1  2  3  4  5  6  7  8 |
---------------+-------------------------+-----
Axes           | 2 3 4 6 7 |  7.2
Shields        | 3 4 5 |  5.2
Armour         | 3 4 |  4.5
Fighting       | 4 |  4.8
Dodging        | 1 |  1.6
Stealth        | 1 |  1.2

Action                   |  1- 3 |  4- 6 |  7- 9 || total
-------------------------+-------+-------+-------++-------
Melee: War axe           |   126 |   103 |   139 ||   368
       Kick              |    15 |    34 |    48 ||    97
 Stab: Distracted        |       |     1 |       ||     1
  Eat: Chunk             |     2 |     4 |     7 ||    13
Armor: Scale mail        |    11 |       |       ||    11
       Chain mail        |    77 |    47 |    62 ||   186
Dodge: Dodged            |    32 |    23 |    34 ||    89
Block: Shield            |    92 |    46 |    79 ||   217

Table legend:
 A = Non-vault XP
 B = Vault XP
 C = Vault XP percentage of total XP
 D = Non-vault monster count
 E = Vault monster count
 F = Vault count percentage of total count
                 A         B        C        D         E       F
            +---------+---------+-------+---------+---------+-------
      Total |    1563 |     763 |  32.8 |     108 |      14 |  11.5
            +---------+---------+-------+---------+---------+-------
        D:1 |      37 |       4 |   9.8 |      22 |       2 |   8.3
        D:2 |      52 |       0 |   0.0 |      20 |       0 |   0.0
        D:3 |     102 |     201 |  66.3 |      23 |       1 |   4.2
        D:4 |     320 |     279 |  46.6 |      13 |       8 |  38.1
        D:5 |     658 |     236 |  26.4 |      16 |       2 |  11.1
        D:6 |     149 |      43 |  22.4 |      10 |       1 |   9.1
    Abyss:1 |     245 |       0 |   0.0 |       4 |       0 |   0.0
            +---------+---------+-------+---------+---------+-------
